 Dungeon Crawl Stone Soup version 0.28-a0-906-g0406aca7d3 (webtiles) character file.

Game seed: 6699990433781380431

233 octoduck the Sneak (level 6, 0/38 HPs)
             Began as an Octopode Transmuter on Nov 21, 2021.
             Slain by an ogre (14 damage)
             ... on level 4 of the Dungeon on Nov 23, 2021.
             The game lasted 00:16:28 (5634 turns).

octoduck the Sneak (Octopode Transmuter)            Turns: 5634, Time: 00:16:29

Health: 0/38       AC:  1    Str: 15    XL:     6   Next: 4%
Magic:  9/9        EV: 14    Int: 16    God:
Gold:   103        SH:  0    Dex: 14    Spells: 6/9 levels left

rFire   + . .      SeeInvis .     - Unarmed
rCold   + . .      Faith    .   (no shield)
rNeg    . . .      Spirit   .   (helmet restricted)
rPois   +          Reflect  .   (no amulet)
rElec   .          Harm     .   e - +6 ring of strength
rCorr   .          Rampage  .   i - ring of protection from fire
Will    .....                   j - ring of poison resistance
Stlth   ++++......              b - ring of protection from cold
HPRegen 0.12/turn               (no ring)
MPRegen 0.11/turn               (no ring)
                                (no ring)
                                (no ring)

@: no status effects
A: almost no armour, amphibious, 8 rings, camouflage 1, gelatinous body 1,
(nimble swimmer 1), tentacles
a: no special abilities


You were on level 4 of the Dungeon.
You visited 1 branch of the dungeon, and saw 4 of its levels.
You also visited: Sewer.

You collected 103 gold pieces.

Inventory:

Missiles
 f - 2 boomerangs
 k - 8 poisoned darts
Jewellery
 b - a ring of protection from cold (on tentacle)
 e - a +6 ring of strength (left tentacle)
 i - a ring of protection from fire (right tentacle)
 j - a ring of poison resistance (on tentacle)
Scrolls
 a - 2 scrolls of teleportation
Potions
 c - a potion of mutation {unknown}
 d - 2 potions of lignification
 g - a potion of attraction
 h - a potion of degeneration {unknown}
 l - 2 potions of might {unknown}
 n - a potion of resistance {unknown}
 p - a potion of invisibility {unknown}
 q - a potion of brilliance {unknown}
 r - a potion of cancellation {unknown}


   Skills:
 - Level 1.0 Fighting
 + Level 3.7 Dodging
 * Level 4.9 Stealth
 + Level 4.3 Unarmed Combat
 - Level 2.0 Spellcasting
 - Level 2.0 Transmutations


You had 6 spell levels left.
You knew the following spells:

 Your Spells              Type           Power      Damage    Failure   Level
a - Beastly Appendage     Tmut           16%        N/A       9%          1
b - Wereblood             Tmut           8%         N/A       14%         2

Your spell library contained the following spells:

 Spells                   Type           Power      Damage    Failure   Level
 Spider Form              Tmut/Pois      4%         N/A       38%         3
 Ice Form                 Ice/Tmut       4%         N/A       80%         4
 Summon Forest            Summ/Tloc      0%         N/A       99%         5
 Summon Mana Viper        Hex/Summ       1%         N/A       99%         5
 Summon Cactus Giant      Summ           0%         N/A       100%        6


Dungeon Overview and Level Annotations

Branches:
Dungeon (4/15)              Sewer (visited)
 Temple: D:4-7

Altars:
Gozag

Shops:
D:1 !

Annotations:
D:2 exclusion: adder


Innate Abilities, Weirdness & Mutations

You cannot wear most types of armour.
You are amphibious.
You can wear up to eight rings at the same time.
Your skin changes colour to match your surroundings (Stealth+).
Your rubbery body absorbs attacks. (AC +1, EV +1)
((You are camouflaged near water. (Stealth+)))
You have tentacles for arms and can constrict up to eight enemies at once.


Message History

As you read the scroll labelled ZAGI GETORIE, it crumbles to dust.
It is a scroll of enchant weapon.
You aren't carrying any weapons that can be enchanted.
Done exploring.
Your tentacle spike disappears.
You see here an adder skeleton.
There is a gate leading back out of this place here.
You see here a +0 short sword.
Okay, then.
Welcome back to the Dungeon!
The ogre hits you with a +0 giant spiked club!
There is a collapsed entrance, spattered with blood here.
Casting: Beastly Appendage (safe; 9% risk of failure)
Confirm with . or Enter, or press ? or * to list all spells.
One of your tentacles grows a vicious spike.
The ogre barely misses you. The ogre barely misses you.
You tentacle-slap the ogre but do no damage.
You pierce the ogre.
You squeeze the ogre.
The ogre is lightly wounded.
You closely miss the ogre.
Your tentacle spike misses the ogre.
You squeeze the ogre.
The ogre is moderately wounded.
The ogre misses you.
You barely miss the ogre.
You pierce the ogre.
The ogre is moderately wounded.
The ogre misses you.
You tentacle-slap the ogre.
The ogre is heavily wounded.
You tentacle-slap the ogre.
The ogre is severely wounded.
The ogre hits you with a +0 giant spiked club!!
Ouch! That really hurt!
* * * LOW HITPOINT WARNING * * *
Your transformation is almost over.
The ogre barely misses you.
Your tentacle spike disappears.
There is a stone staircase leading up here.
The ogre hits you with a +0 giant spiked club!
You die...

#.## ##....# ##..# #
#....## ##..## ##...##
##..## ##...## ###..####
##...## ##...####. ##...##
##...## #.8 ##...#####
#.....###..
###...#O...####..........
#....#..@...##........#..
#.####...(.....[########.8
# ##.)........## ##.
##............# ##
#.............##
#...........#..##
#..........###..##
#.......<.## ##..#
##......### ####


You could see an ogre.

Vanquished Creatures
  An iguana (D:4)
  2 hound skeletons
  6 adders
  2 worms
  2 dart slugs (D:2)
  6 orcs
  7 endoplasms
  2 giant cockroaches (D:1)
  13 goblins
  6 hobgoblins
  6 jackals (Sewer)
  4 quokkas (D:2)
  17 ball pythons
  7 bats
  4 frilled lizards
  16 kobolds
  7 rats
108 creatures vanquished.

Vanquished Creatures (others)
  16 plants
16 creatures vanquished.

Grand Total: 124 creatures vanquished

Notes
Turn   | Place    | Note
-------+----------+-------------------------------------------
     0 | D:1      | octoduck the Octopode Transmuter began the quest for the
                  | Orb.
     0 | D:1      | Reached XP level 1. HP: 13/13 MP: 3/3
   323 | D:1      | Found Osu Anub's Distillery.
   420 | D:1      | Reached skill level 1 in Stealth
   423 | D:1      | Reached XP level 2. HP: 10/18 MP: 5/5
   624 | D:1      | Upgraded the game from 0.28-a0-883-gc8d7bad45d to
                  | 0.28-a0-895-g6e5f11bd55
  1793 | D:2      | Reached XP level 3. HP: 23/23 MP: 4/6
  2974 | D:2      | Learned a level 2 spell: Wereblood
  3153 | D:3      | Reached XP level 4. HP: 28/28 MP: 5/7
  4131 | D:3      | Reached XP level 5. HP: 29/33 MP: 8/8
  4137 | D:3      | Upgraded the game from 0.28-a0-895-g6e5f11bd55 to
                  | 0.28-a0-906-g0406aca7d3
  4546 | D:4      | Found an opulent altar of Gozag.
  4719 | D:4      | Noticed an ogre
  4720 | D:4      | Found a glowing drain.
  4834 | Sewer    | Entered a sewer
  5376 | Sewer    | Reached XP level 6. HP: 34/38 MP: 9/9
  5634 | D:4      | Slain by an ogre

Illustrated notes

Levels and vault maps discovered:
D:1:      minmay_arrival_nine_rooms, layout_loops_corners, serial_shops,
          nicolae_diamond_shop, serial_bayou, serial_bayou_shore_b,
          serial_bayou_lake_a, serial_bayou_shore_b, serial_bayou_crossing
D:2:      minmay_inner_zag, layout_loops_cross, minmay_misc_feat_ornament
D:3:      layout_rooms
D:4:      layout_layer_cave, grunt_gozag_statues, cheibrodos_sewer_entry_sluice

Skill      XL: |  1  2  3  4  5 |
---------------+----------------+-----
Stealth        | 1 2 3 4 |  4.9
Dodging        | 3 |  3.7
Unarmed Combat | 4 |  4.3
Fighting       | |  1.0
Spellcasting   | |  2.0
Transmutations | |  2.0

Action                   |  1- 3 |  4- 6 || total
-------------------------+-------+-------++-------
Melee: Unarmed           |    85 |   162 ||   247
       Constrict         |    30 |    44 ||    74
       Kick              |    20 |    25 ||    45
       Tentacles         |    10 |    34 ||    44
       Punch             |     3 |     5 ||     8
Throw: Dart              |       |     2 ||     2
       Boomerang         |       |     1 ||     1
 Cast: Beastly Appendage |    34 |    36 ||    70
       Wereblood         |       |     1 ||     1
  Use: Scroll            |     4 |     4 ||     8
 Stab: Sleeping          |     7 |    10 ||    17
Armor: Skin              |     4 |     8 ||    12
Dodge: Dodged            |    42 |    65 ||   107

Table legend: (Time is in decaauts)
 A = Elapsed time spent in this place.
 B = Non-inter-level travel time spent in this place.
 C = Inter-level travel time spent in this place.
 D = Time resting spent in this place.
 E = Time spent auto-exploring this place.
 F = Levels seen in this place.
 G = Mean time per level.
                   A        B        C        D        E       F      G
               +--------+--------+--------+--------+--------+-----+--------+
         Total |   5623 |   5282 |    341 |   1427 |   1981 |   5 | 1124.6 |
       Dungeon |   4873 |   4532 |    341 |   1325 |   1805 |   4 | 1218.2 |
         Sewer |    750 |    750 |      0 |    102 |    176 |   1 |  750.0 |
               +--------+--------+--------+--------+--------+-----+--------+

Top non-repeatable levels by time:
     D:2: 1974 daAuts
     D:1: 1810 daAuts
     D:3: 754 daAuts
   Sewer: 750 daAuts
     D:4: 334 daAuts
